Sharks vs Red Wings

Created - 31 janvier 2018 at 15:55

Goals
1 2 3 OT1 T
Sharks 0 0 1 0 1
Red Wings 0 1 0 1 2
Shots
1 2 3 OT1 T
Sharks 8 8 18 0 34
Red Wings 14 9 11 1 35

1st period

No Goal

Penalties :
Michael Vernace (DET) for High sticking (Minor) at 3:58, Erik Gudbranson (DET) for Roughing (Minor) at 11:17, James Neal (SJS) for Hooking (Minor) at 11:17, James Neal (SJS) for Hooking (Minor) at 16:22

2nd period

1. Red Wings , Cody Hodgson 10 (Nick Leddy 36, Colin Greening 1) at 17:24

Penalties :
Brooks Orpik (DET) for Hooking (Minor) at 13:52, Maxime Talbot (DET) for Holding (Minor) at 17:33, Jakob Silfverberg (SJS) for Slashing (Double Minor) at 19:37

3rd period

2. Sharks , Brian Boyle 13 (Daniel Winnik 22, Nikita Nikitin 19) at 5:16

Penalties :
Marek Zagrapan (DET) for Hooking (Minor) at 0:04, Marek Zagrapan (DET) for Holding (Minor) at 10:20

Overtime #1

3. Red Wings , Brendan Gallagher 7 (Marek Zagrapan 25) at 0:08

Penalties :
No Penalty

Goalie Stats

Martin Jones (SJS), 33 saves from 35 shots - (0,943), OTL, 21-14-3, 60:09 minutes
Sebastien Centomo (DET), 33 saves from 34 shots - (0,971), W, 15-14-3, 60:09 minutes

Players Stats for Sharks

Player Name              G  A  P  +/- PIM S  H  SB GA TA FO     MP     PP MP  PK MP  
------------------------------------------------------------------------------------
Alec Martinez            0  0  0   1  0   1  0  2  0  0  0/0    21:42   4:20   2:05 
Andrew Ladd              0  0  0   0  0   3  0  0  0  0  1/3    19:59   3:26   1:15 
Brian Boyle              1  0  1   0  0   3  0  0  0  0  10/22  17:19   3:26   0:00 
Cal Clutterbuck          0  0  0   0  0   1  1  0  0  0  0/0     4:46   0:00   0:00 
Colton Parayko           0  0  0   0  0   0  0  2  0  0  0/0    13:03   0:00   0:00 
Daniel Winnik            0  1  1   0  0   2  0  0  0  0  0/0    17:19   3:26   0:00 
Henrik Zetterberg        0  0  0  -1  0   3  0  0  0  0  19/33  23:31   4:30   2:02 
Jakob Silfverberg        0  0  0   0  4   2  1  0  0  0  0/0    11:10   0:00   0:00 
James Neal               0  0  0   0  4   3  4  0  0  0  0/4    19:51   4:30   0:27 
Jared Cowen              0  0  0   0  0   0  0  0  0  0  0/0    14:31   0:00   0:00 
Jean-Gabriel Pageau      0  0  0   0  0   1  0  0  0  0  1/6     6:16   0:00   1:30 
Marian Gaborik           0  0  0  -1  0   6  0  0  0  0  4/10   23:31   4:30   2:02 
Mark Letestu             0  0  0   0  0   0  0  0  0  0  0/0     4:46   0:00   0:00 
Michael Frolik           0  0  0   0  0   5  1  0  0  0  0/1    11:53   0:00   0:42 
Nathan MacKinnon         0  0  0   0  0   1  3  0  0  0  9/15   11:57   0:00   0:00 
Nikita Nikitin           0  1  1   1  0   1  0  1  0  0  0/0    21:42   4:20   2:05 
Rob Scuderi              0  0  0  -2  0   0  0  0  0  0  0/0    25:24   3:36   1:54 
Seth Jones               0  0  0  -1  0   2  2  1  0  0  0/0    23:47   3:36   1:54 

Players Stats for Red Wings

Player Name              G  A  P  +/- PIM S  H  SB GA TA FO     MP     PP MP  PK MP  
------------------------------------------------------------------------------------
Ales Hemsky              0  0  0   0  0   2  0  0  0  0  0/0    16:23   2:11   1:25 
Brendan Gallagher        1  0  1   1  0   6  0  0  0  0  0/0    12:56   0:00   0:00 
Brooks Orpik             0  0  0  -1  2   1  0  0  0  0  0/0    21:49   1:48   2:23 
Cody Hodgson             1  0  1   1  0   6  0  0  0  0  12/17  19:24   0:00   0:45 
Colin Greening           0  1  1   1  0   0  0  0  0  0  0/0     2:35   0:00   0:00 
Dalton Prout             0  0  0   1  0   2  0  0  0  0  0/0    19:10   0:00   3:48 
David Backes             0  0  0   0  0   5  3  0  0  0  6/9    19:42   1:48   1:52 
Devin Setoguchi          0  0  0   1  0   0  1  0  0  0  0/0     2:35   0:00   0:00 
Erik Gudbranson          0  0  0   1  2   0  0  0  0  0  0/0    22:21   1:09   4:53 
Justin Abdelkader        0  0  0   0  0   0  1  0  0  0  2/3    18:15   2:11   0:00 
Kris Versteeg            0  0  0  -1  0   4  0  0  0  0  0/1    17:29   1:48   0:00 
Marek Zagrapan           0  1  1   0  4   4  0  0  0  0  10/24  16:59   2:10   0:00 
Matt Moulson             0  0  0  -1  0   2  3  1  0  0  0/1    19:10   1:48   2:41 
Maxime Talbot            0  0  0   0  2   0  3  1  0  0  18/36  17:00   0:00   3:16 
Michael Vernace          0  0  0   0  2   0  2  1  0  0  0/0    16:16   2:50   0:14 
Nick Leddy               0  1  1   1  0   2  0  1  0  0  0/0    22:58   2:11   3:34 
Ryan Garbutt             0  0  0   0  0   0  0  0  0  0  2/3     5:53   0:00   5:53 
Zbynek Michalek          0  0  0  -1  0   1  0  3  0  0  0/0    17:32   0:00   1:00 

3 Stars

1 - Sebastien Centomo (DET)
2 - Martin Jones (SJS)
3 - Cody Hodgson (DET)

Power Play

Sharks - 0 on 5 Attempt(s) - 0,00%
Red Wings - 0 on 3 Attempt(s) - 0,00%

Penalty Kill

Sharks - 3 on 3 Attempt(s) - 100,00% - Score 0 goal in Penalty Kill
Red Wings - 5 on 5 Attempt(s) - 100,00% - Score 0 goal in Penalty Kill

Team Stat

Sharks - Hits : 12 - Faceoff Wins : 44 - Blocked Shots : 6 - Penalty Minutes : 8
Red Wings - Hits : 13 - Faceoff Wins : 50 - Blocked Shots : 7 - Penalty Minutes : 12

Official

Referees : Francis Charron and Chris Lee
Linesman : Jeff Walker and Jonny Murray

Game Notes

No Game Note

Finance

Level 1 -- Attendance: 6000 (100,00%) -- Ticket Income 660 000 $
Level 2 -- Attendance: 4452 (89,04%) -- Ticket Income 347 256 $
Level 3 -- Attendance: 2000 (100,00%) -- Ticket Income 96 000 $
Level 4 -- Attendance: 4000 (100,00%) -- Ticket Income 116 000 $
Luxury Box -- Attendance: 1840 (60,01%) -- Ticket Income 414 000 $
Game was played at the Joe Louis Arena.
Total Attendance: 18292 (91,16%)
Total Ticket Income: 1 633 256 $
Other Income: 800 295 $
Total Income: 2 433 551 $

Sharks

5 vs 5 Forward 
   Center                   Left Wing                Right Wing               Time % Phy DF OF 
 1 Henrik Zetterberg        Marian Gaborik           James Neal               40     0   0  5  
 2 Brian Boyle              Andrew Ladd              Daniel Winnik            30     0   1  4  
 3 Nathan MacKinnon         Michael Frolik           Jakob Silfverberg        20     0   2  3  
 4 Jean-Gabriel Pageau      Cal Clutterbuck          Mark Letestu             10     1   2  2  

5 vs 5 Defense 
   Defense                  Defense                                           Time % Phy DF OF 
 1 Rob Scuderi              Seth Jones                                        40     1   2  2  
 2 Nikita Nikitin           Alec Martinez                                     30     1   2  2  
 3 Colton Parayko           Jared Cowen                                       20     1   2  2  
 4 Jared Cowen              Rob Scuderi                                       10     1   2  2  

PowerPlay Forward 
   Center                   Left Wing                Right Wing               Time % Phy DF OF 
 1 Henrik Zetterberg        Marian Gaborik           James Neal               60     1   2  2  
 2 Brian Boyle              Andrew Ladd              Daniel Winnik            40     1   2  2  

PowerPlay Defense
   Defense                  Defense                                           Time % Phy DF OF 
 1 Rob Scuderi              Seth Jones                                        60     1   2  2  
 2 Nikita Nikitin           Alec Martinez                                     40     1   2  2  

Penalty Kill 4 Players Forward 
   Center                   Wing                     Time % Phy DF OF 
 1 Marian Gaborik           Henrik Zetterberg        60     1   2  2  
 2 James Neal               Andrew Ladd              40     1   2  2  

Penalty Kill 4 Players Defense
   Defense                  Defense                  Time % Phy DF OF 
 1 Rob Scuderi              Seth Jones               60     1   2  2  
 2 Nikita Nikitin           Alec Martinez            40     1   2  2  

Penalty Kill - 3 Players Forward 
   Forward                                           Time % Phy DF OF 
 1 Marian Gaborik                                    60     1   2  2  
 2 Henrik Zetterberg                                 40     1   2  2  

Penalty Kill - 3 Players Defense
   Defense                  Defense                  Time % Phy DF OF 
 1 Rob Scuderi              Seth Jones               60     1   2  2  
 2 Nikita Nikitin           Alec Martinez            40     1   2  2  

4 vs 4 Forward 
   Center                   Wing                     Time % Phy DF OF 
 1 Marian Gaborik           Henrik Zetterberg        60     1   2  2  
 2 James Neal               Andrew Ladd              40     1   2  2  

4 vs 4 Defense
   Defense                  Defense                  Time % Phy DF OF 
 1 Rob Scuderi              Seth Jones               60     1   2  2  
 2 Nikita Nikitin           Alec Martinez            40     1   2  2  

Last Minutes Offensive
   Center                   Left Wing                Right Wing               Defense                  Defense                  
   Henrik Zetterberg        Marian Gaborik           James Neal               Rob Scuderi              Seth Jones               

Last Minutes Defensive
   Center                   Left Wing                Right Wing               Defense                  Defense                  
   Henrik Zetterberg        Marian Gaborik           James Neal               Rob Scuderi              Seth Jones               

Goaltenders
Starting : Martin Jones             
Backup : Ray Emery                

Extra Forwards
Normal : Nathan MacKinnon, Michael Frolik, Jean-Gabriel Pageau - PP : Nathan MacKinnon, Michael Frolik - PK : Jean-Gabriel Pageau
Extra Defensemen
Normal : Colton Parayko, Jared Cowen, Rob Scuderi - PP : Colton Parayko - PK : Jared Cowen, Seth Jones
Penalty Shots
Marian Gaborik, Henrik Zetterberg, James Neal, Andrew Ladd, Brian Boyle
Custom OT Lines Forwards
Marian Gaborik, Henrik Zetterberg, James Neal, Andrew Ladd, Brian Boyle, Daniel Winnik, Nathan MacKinnon, Michael Frolik, Jean-Gabriel Pageau, Jakob Silfverberg
Custom OT Lines Defensemen
Rob Scuderi, Seth Jones, Nikita Nikitin, Alec Martinez, Colton Parayko

Scratches
Keith Ballard (Healthy), Oscar Lindberg (Healthy), Ole-Kristian Tollefson (Healthy)

Red Wings

5 vs 5 Forward 
   Center                   Left Wing                Right Wing               Time % Phy DF OF 
 1 Marek Zagrapan           Matt Moulson             Kris Versteeg            34     0   1  4  
 2 Cody Hodgson             Justin Abdelkader        David Backes             32     0   1  4  
 3 Maxime Talbot            Ales Hemsky              Brendan Gallagher        30     0   1  4  
 4 Cody Hodgson             Colin Greening           Devin Setoguchi          4      0   2  3  

5 vs 5 Defense 
   Defense                  Defense                                           Time % Phy DF OF 
 1 Erik Gudbranson          Nick Leddy                                        34     1   1  3  
 2 Zbynek Michalek          Brooks Orpik                                      33     1   1  3  
 3 Michael Vernace          Dalton Prout                                      27     1   2  2  
 4 Dalton Prout             Michael Vernace                                   6      0   2  3  

PowerPlay Forward 
   Center                   Left Wing                Right Wing               Time % Phy DF OF 
 1 Marek Zagrapan           Justin Abdelkader        Ales Hemsky              57     0   0  5  
 2 David Backes             Matt Moulson             Kris Versteeg            43     0   0  5  

PowerPlay Defense
   Defense                  Defense                                           Time % Phy DF OF 
 1 Michael Vernace          Nick Leddy                                        57     0   1  4  
 2 Brooks Orpik             Erik Gudbranson                                   43     0   1  4  

Penalty Kill 4 Players Forward 
   Center                   Wing                     Time % Phy DF OF 
 1 Maxime Talbot            Ryan Garbutt             55     0   4  1  
 2 Ryan Garbutt             Matt Moulson             45     0   4  1  

Penalty Kill 4 Players Defense
   Defense                  Defense                  Time % Phy DF OF 
 1 Dalton Prout             Brooks Orpik             55     1   4  0  
 2 Erik Gudbranson          Nick Leddy               45     1   4  0  

Penalty Kill - 3 Players Forward 
   Forward                                           Time % Phy DF OF 
 1 Maxime Talbot                                     60     0   5  0  
 2 Ryan Garbutt                                      40     0   5  0  

Penalty Kill - 3 Players Defense
   Defense                  Defense                  Time % Phy DF OF 
 1 Brooks Orpik             Erik Gudbranson          60     0   5  0  
 2 Brooks Orpik             Dalton Prout             40     0   5  0  

4 vs 4 Forward 
   Center                   Wing                     Time % Phy DF OF 
 1 David Backes             Kris Versteeg            56     0   2  3  
 2 Cody Hodgson             Justin Abdelkader        44     0   2  3  

4 vs 4 Defense
   Defense                  Defense                  Time % Phy DF OF 
 1 Brooks Orpik             Dalton Prout             56     0   2  3  
 2 Erik Gudbranson          Nick Leddy               44     0   2  3  

Last Minutes Offensive
   Center                   Left Wing                Right Wing               Defense                  Defense                  
   Marek Zagrapan           Kris Versteeg            David Backes             Erik Gudbranson          Nick Leddy               

Last Minutes Defensive
   Center                   Left Wing                Right Wing               Defense                  Defense                  
   Cody Hodgson             Kris Versteeg            Maxime Talbot            Zbynek Michalek          Brooks Orpik             

Goaltenders
Starting : Sebastien Centomo        
Backup : Brian Elliott            

Extra Forwards
Normal : Kris Versteeg, Maxime Talbot, Colin Greening - PP : Kris Versteeg, Justin Abdelkader - PK : Maxime Talbot
Extra Defensemen
Normal : Dalton Prout, Erik Gudbranson, Brooks Orpik - PP : Erik Gudbranson - PK : Erik Gudbranson, Dalton Prout
Penalty Shots
Cody Hodgson, Ales Hemsky, Kris Versteeg, Matt Moulson, David Backes
Custom OT Lines Forwards
Marek Zagrapan, Brendan Gallagher, Cody Hodgson, David Backes, Kris Versteeg, Justin Abdelkader, Matt Moulson, Ryan Garbutt, Ales Hemsky, Maxime Talbot
Custom OT Lines Defensemen
Nick Leddy, Dalton Prout, Michael Vernace, Erik Gudbranson, Brooks Orpik

Scratches
Oleg Saprykin (Healthy), Jordan Martinook (Healthy), Jeff Glass (Healthy)

% Time on Ice - Sharks

Lines # - Real PCT - Wanted PCT - Time Play
Normal Forward
1 - 32% - 40% - 14:17
2 - 31% - 30% - 13:53
3 - 25% - 20% - 11:11
4 - 11% - 10% - 4:46
Normal Defense
1 - 36% - 40% - 15:53
2 - 31% - 30% - 13:43
3 - 30% - 20% - 13:03
4 - 3% - 10% - 1:28
PP Forward
1 - 57% - 60% - 4:30
2 - 43% - 40% - 3:26
PP Defense
1 - 45% - 60% - 3:36
2 - 55% - 40% - 4:20
PK Forward
1 - 69% - 60% - 2:44
2 - 31% - 40% - 1:15
PK Defense
1 - 48% - 60% - 1:54
2 - 52% - 40% - 2:05
PK3 Forward
1 - 0% - 60%
2 - 0% - 40%
PK3 Defense
1 - 0% - 60%
2 - 0% - 40%
44 Forward
1 - 64% - 60% - 2:33
2 - 36% - 40% - 1:25
44 Defense
1 - 61% - 60% - 2:24
2 - 39% - 40% - 1:34
Last Minute Offensive  - 0:00
Last Minute Defensive  - 0:00
Total
Forward - 60:00
Defense - 60:00

% Time on Ice - Red Wings

Lines # - Real PCT - Wanted PCT - Time Play
Normal Forward
1 - 33% - 34% - 14:41
2 - 32% - 32% - 14:04
3 - 29% - 30% - 12:47
4 - 6% - 4% - 2:35
Normal Defense
1 - 35% - 34% - 15:15
2 - 35% - 33% - 15:39
3 - 28% - 27% - 12:23
4 - 2% - 6% - 0:50
PP Forward
1 - 55% - 57% - 2:11
2 - 45% - 43% - 1:48
PP Defense
1 - 71% - 57% - 2:50
2 - 29% - 43% - 1:09
PK Forward
1 - 66% - 55% - 5:15
2 - 34% - 45% - 2:41
PK Defense
1 - 55% - 55% - 4:22
2 - 45% - 45% - 3:34
PK3 Forward
1 - 0% - 60%
2 - 0% - 40%
PK3 Defense
1 - 0% - 60%
2 - 0% - 40%
44 Forward
1 - 50% - 56% - 1:58
2 - 50% - 44% - 2:00
44 Defense
1 - 50% - 56% - 2:00
2 - 50% - 44% - 1:58
Last Minute Offensive  - 0:00
Last Minute Defensive  - 0:00
Total
Forward - 60:00
Defense - 60:00

Play by Play

1st period


0:01 of 1st period - Marek Zagrapan wins face-off versus Henrik Zetterberg in neutral zone.
0:12 of 1st period - Shot by Kris Versteeg.
0:12 of 1st period - Shot Misses the Net.
0:58 of 1st period - Shot by Brian Boyle.
0:58 of 1st period - Stopped by Sebastien Centomo without a rebound.
0:59 of 1st period - Cody Hodgson wins face-off versus Nathan MacKinnon in Red Wings zone.
0:59 of 1st period - David Backes is hit by Nathan MacKinnon and loses puck.
1:08 of 1st period - Shot by David Backes.
1:08 of 1st period - Shot Blocked by Colton Parayko.
1:12 of 1st period - Shot by Justin Abdelkader.
1:12 of 1st period - Deflect By David Backes.
1:12 of 1st period - Stopped by Martin Jones without a rebound.
1:13 of 1st period - Brian Boyle wins face-off versus Maxime Talbot in Sharks zone.
1:26 of 1st period - Shot by Brian Boyle.
1:26 of 1st period - Shot Misses the Net.
1:28 of 1st period - Shot by Nikita Nikitin.
1:28 of 1st period - Stopped by Sebastien Centomo without a rebound.
1:29 of 1st period - Justin Abdelkader wins face-off versus Jean-Gabriel Pageau in Red Wings zone.
1:29 of 1st period - Justin Abdelkader is hit by Cal Clutterbuck.
1:48 of 1st period - Shot by David Backes.
1:48 of 1st period - Stopped by Martin Jones without a rebound.
1:49 of 1st period - Maxime Talbot wins face-off versus Nathan MacKinnon in Sharks zone.
1:50 of 1st period - Shot by Ales Hemsky.
1:50 of 1st period - Deflect By Brendan Gallagher.
1:50 of 1st period - Stopped by Martin Jones without a rebound.
1:51 of 1st period - Maxime Talbot wins face-off versus Brian Boyle in Sharks zone.
2:15 of 1st period - Icing by Daniel Winnik.
2:16 of 1st period - Brian Boyle wins face-off versus David Backes in Sharks zone.
2:18 of 1st period - Icing by Andrew Ladd.
2:19 of 1st period - Cody Hodgson wins face-off versus Brian Boyle in Sharks zone.
3:04 of 1st period - Shot by Justin Abdelkader.
3:04 of 1st period - Deflect By Cody Hodgson.
3:04 of 1st period - Shot Misses the Net.
3:18 of 1st period - Icing by Ales Hemsky.
3:19 of 1st period - Maxime Talbot wins face-off versus Henrik Zetterberg in Red Wings zone.
3:41 of 1st period - Shot by Ales Hemsky.
3:41 of 1st period - Shot Blocked by Nikita Nikitin.
3:58 of 1st period - Minor Penalty to Michael Vernace for High sticking.
3:59 of 1st period - Maxime Talbot wins face-off versus Brian Boyle in Red Wings zone.
4:08 of 1st period - Shot by Seth Jones.
4:08 of 1st period - Shot Misses the Net.
4:10 of 1st period - Shot by Seth Jones.
4:10 of 1st period - Stopped by Sebastien Centomo without a rebound.
4:11 of 1st period - Henrik Zetterberg wins face-off versus Ryan Garbutt in Red Wings zone.
4:16 of 1st period - Shot by Henrik Zetterberg.
4:16 of 1st period - Stopped by Sebastien Centomo without a rebound.
4:17 of 1st period - Henrik Zetterberg wins face-off versus Maxime Talbot in Red Wings zone.
4:40 of 1st period - Shot by James Neal.
4:40 of 1st period - Stopped by Sebastien Centomo without a rebound.
4:41 of 1st period - Brian Boyle wins face-off versus Maxime Talbot in Red Wings zone.
5:16 of 1st period - Shot by Matt Moulson.
5:16 of 1st period - Shot Hit the Post.
5:18 of 1st period - Shot by Dalton Prout.
5:18 of 1st period - Shot Misses the Net.
5:20 of 1st period - Shot by Matt Moulson.
5:20 of 1st period - Shot Misses the Net.
6:44 of 1st period - Icing by Colton Parayko.
6:45 of 1st period - Marek Zagrapan wins face-off versus Nathan MacKinnon in Sharks zone.
6:48 of 1st period - Shot by Kris Versteeg.
6:48 of 1st period - Shot Misses the Net.
7:02 of 1st period - Shot by Kris Versteeg.
7:02 of 1st period - Stopped by Martin Jones without a rebound.
7:03 of 1st period - Henrik Zetterberg wins face-off versus Maxime Talbot in Sharks zone.
7:05 of 1st period - Icing by Seth Jones.
7:06 of 1st period - Henrik Zetterberg wins face-off versus Marek Zagrapan in Sharks zone.
7:23 of 1st period - Shot by Matt Moulson.
7:23 of 1st period - Stopped by Martin Jones without a rebound.
7:24 of 1st period - Cody Hodgson wins face-off versus Jean-Gabriel Pageau in Sharks zone.
7:33 of 1st period - Shot by Cody Hodgson.
7:33 of 1st period - Stopped by Martin Jones with a rebound.
8:45 of 1st period - Shot by Kris Versteeg.
8:45 of 1st period - Stopped by Martin Jones with a rebound.
8:47 of 1st period - Shot by Marek Zagrapan.
8:47 of 1st period - Stopped by Martin Jones with a rebound.
8:49 of 1st period - Shot by Kris Versteeg.
8:49 of 1st period - Stopped by Martin Jones without a rebound.
8:50 of 1st period - Henrik Zetterberg wins face-off versus Maxime Talbot in Sharks zone.
8:56 of 1st period - Icing by James Neal.
8:57 of 1st period - Henrik Zetterberg wins face-off versus Maxime Talbot in Sharks zone.
8:57 of 1st period - Henrik Zetterberg is hit by Maxime Talbot.
10:18 of 1st period - Shot by Daniel Winnik.
10:18 of 1st period - Stopped by Sebastien Centomo with a rebound.
10:35 of 1st period - Icing by Erik Gudbranson.
10:36 of 1st period - Nathan MacKinnon wins face-off versus Marek Zagrapan in Red Wings zone.
11:16 of 1st period - Icing by Erik Gudbranson.
11:17 of 1st period - Henrik Zetterberg wins face-off versus Marek Zagrapan in Red Wings zone.
11:17 of 1st period - Minor Penalty to Erik Gudbranson for Roughing.
11:17 of 1st period - Minor Penalty to James Neal for Hooking.
11:18 of 1st period - Marian Gaborik wins face-off versus Cody Hodgson in Red Wings zone.
11:19 of 1st period - Shot by Seth Jones.
11:19 of 1st period - Deflect By Marian Gaborik.
11:19 of 1st period - Stopped by Sebastien Centomo without a rebound.
11:20 of 1st period - David Backes wins face-off versus Marian Gaborik in Red Wings zone.
11:47 of 1st period - Icing by Dalton Prout.
11:48 of 1st period - David Backes wins face-off versus Marian Gaborik in Red Wings zone.
13:34 of 1st period - Shot by Marek Zagrapan.
13:34 of 1st period - Stopped by Martin Jones without a rebound.
13:35 of 1st period - Brian Boyle wins face-off versus Maxime Talbot in Sharks zone.
13:35 of 1st period - Brian Boyle is hit by Maxime Talbot.
14:05 of 1st period - Icing by Andrew Ladd.
14:06 of 1st period - Brian Boyle wins face-off versus Marek Zagrapan in Sharks zone.
14:06 of 1st period - Brian Boyle is hit by Matt Moulson.
15:37 of 1st period - Shot by Michael Frolik.
15:37 of 1st period - Stopped by Sebastien Centomo without a rebound.
15:38 of 1st period - Maxime Talbot wins face-off versus Jean-Gabriel Pageau in Red Wings zone.
15:52 of 1st period - Icing by Maxime Talbot.
15:53 of 1st period - Maxime Talbot wins face-off versus Nathan MacKinnon in Red Wings zone.
15:53 of 1st period - Maxime Talbot is hit by Nathan MacKinnon.
15:59 of 1st period - Shot by Brendan Gallagher.
15:59 of 1st period - Stopped by Martin Jones without a rebound.
16:00 of 1st period - Henrik Zetterberg wins face-off versus Justin Abdelkader in Sharks zone.
16:00 of 1st period - Marian Gaborik is hit by David Backes and loses puck.
16:22 of 1st period - Minor Penalty to James Neal for Hooking.
16:23 of 1st period - Marek Zagrapan wins face-off versus Marian Gaborik in Sharks zone.
16:24 of 1st period - Shot by Justin Abdelkader.
16:24 of 1st period - Shot Misses the Net.
16:26 of 1st period - Shot by Marek Zagrapan.
16:26 of 1st period - Shot Misses the Net.
17:38 of 1st period - Icing by Brooks Orpik.
17:39 of 1st period - Henrik Zetterberg wins face-off versus David Backes in Red Wings zone.
17:47 of 1st period - Off-side.
17:48 of 1st period - Marek Zagrapan wins face-off versus Marian Gaborik in neutral zone.
18:09 of 1st period - Shot by Nick Leddy.
18:09 of 1st period - Shot Misses the Net.
18:11 of 1st period - Shot by Nick Leddy.
18:11 of 1st period - Stopped by Martin Jones without a rebound.
18:12 of 1st period - Jean-Gabriel Pageau wins face-off versus David Backes in Sharks zone.
18:45 of 1st period - Shot by Devin Setoguchi.
18:45 of 1st period - Shot Misses the Net.
18:47 of 1st period - Shot by Colin Greening.
18:47 of 1st period - Shot Misses the Net.
18:57 of 1st period - Shot by Devin Setoguchi.
18:57 of 1st period - Shot Misses the Net.
18:59 of 1st period - Shot by Cody Hodgson.
18:59 of 1st period - Stopped by Martin Jones with a rebound.
19:01 of 1st period - Shot by Dalton Prout.
19:01 of 1st period - Stopped by Martin Jones without a rebound.
19:02 of 1st period - Brian Boyle wins face-off versus Maxime Talbot in Sharks zone.
Goals for this period are 0 for Sharks vs 0 for Red Wings.
Shots for this period are 8 for Sharks vs 14 for Red Wings.

2nd period


0:01 of 2nd period - Cody Hodgson wins face-off versus Henrik Zetterberg in neutral zone.
0:05 of 2nd period - David Backes is hit by Seth Jones and loses puck.
0:12 of 2nd period - David Backes is hit by James Neal and loses puck.
0:24 of 2nd period - Icing by Dalton Prout.
0:25 of 2nd period - Cody Hodgson wins face-off versus Brian Boyle in Red Wings zone.
0:44 of 2nd period - Shot by David Backes.
0:44 of 2nd period - Shot Misses the Net.
0:51 of 2nd period - Shot by David Backes.
0:51 of 2nd period - Stopped by Martin Jones without a rebound.
0:52 of 2nd period - Maxime Talbot wins face-off versus Henrik Zetterberg in Sharks zone.
0:55 of 2nd period - Shot by Brendan Gallagher.
0:55 of 2nd period - Stopped by Martin Jones without a rebound.
0:56 of 2nd period - Maxime Talbot wins face-off versus Henrik Zetterberg in Sharks zone.
0:57 of 2nd period - Shot by Brendan Gallagher.
0:57 of 2nd period - Stopped by Martin Jones without a rebound.
0:58 of 2nd period - Henrik Zetterberg wins face-off versus Maxime Talbot in Sharks zone.
1:08 of 2nd period - Shot by Marian Gaborik.
1:08 of 2nd period - Stopped by Sebastien Centomo without a rebound.
1:09 of 2nd period - Cody Hodgson wins face-off versus Brian Boyle in Red Wings zone.
3:03 of 2nd period - Shot by Ales Hemsky.
3:03 of 2nd period - Stopped by Martin Jones without a rebound.
3:04 of 2nd period - Maxime Talbot wins face-off versus Jean-Gabriel Pageau in Sharks zone.
3:11 of 2nd period - Shot by Maxime Talbot.
3:11 of 2nd period - Shot Misses the Net.
3:14 of 2nd period - Icing by Seth Jones.
3:15 of 2nd period - David Backes wins face-off versus Jean-Gabriel Pageau in Sharks zone.
3:16 of 2nd period - Shot by Justin Abdelkader.
3:16 of 2nd period - Shot Misses the Net.
3:35 of 2nd period - Seth Jones is hit by Michael Vernace.
3:52 of 2nd period - Off-side.
3:53 of 2nd period - Maxime Talbot wins face-off versus Henrik Zetterberg in neutral zone.
4:13 of 2nd period - Shot by Marian Gaborik.
4:13 of 2nd period - Stopped by Sebastien Centomo without a rebound.
4:14 of 2nd period - Andrew Ladd wins face-off versus Marek Zagrapan in Red Wings zone.
4:31 of 2nd period - Shot by Brian Boyle.
4:31 of 2nd period - Shot Misses the Net.
4:55 of 2nd period - Shot by Matt Moulson.
4:55 of 2nd period - Shot Misses the Net.
6:49 of 2nd period - Shot by Colton Parayko.
6:49 of 2nd period - Shot Misses the Net.
6:51 of 2nd period - Shot by Cal Clutterbuck.
6:51 of 2nd period - Shot Misses the Net.
7:53 of 2nd period - Icing by Ales Hemsky.
7:54 of 2nd period - Henrik Zetterberg wins face-off versus Maxime Talbot in Red Wings zone.
8:06 of 2nd period - Icing by Dalton Prout.
8:07 of 2nd period - Maxime Talbot wins face-off versus Brian Boyle in Red Wings zone.
8:49 of 2nd period - Off-side.
8:50 of 2nd period - Henrik Zetterberg wins face-off versus Marek Zagrapan in neutral zone.
9:01 of 2nd period - Shot by Marian Gaborik.
9:01 of 2nd period - Shot Misses the Net.
9:53 of 2nd period - Shot by Nick Leddy.
9:53 of 2nd period - Stopped by Martin Jones without a rebound.
9:54 of 2nd period - Brian Boyle wins face-off versus Cody Hodgson in Sharks zone.
9:59 of 2nd period - Daniel Winnik is hit by David Backes and loses puck.
10:26 of 2nd period - Shot by Justin Abdelkader.
10:26 of 2nd period - Shot Misses the Net.
10:28 of 2nd period - Shot by Erik Gudbranson.
10:28 of 2nd period - Shot Misses the Net.
10:30 of 2nd period - Shot by Cody Hodgson.
10:30 of 2nd period - Stopped by Martin Jones with a rebound.
10:32 of 2nd period - Shot by David Backes.
10:32 of 2nd period - Shot Misses the Net.
10:34 of 2nd period - Shot by David Backes.
10:34 of 2nd period - Shot Misses the Net.
10:36 of 2nd period - Shot by David Backes.
10:36 of 2nd period - Shot Misses the Net.
10:38 of 2nd period - Shot by David Backes.
10:38 of 2nd period - Stopped by Martin Jones without a rebound.
10:39 of 2nd period - Nathan MacKinnon wins face-off versus Cody Hodgson in Sharks zone.
10:39 of 2nd period - Nathan MacKinnon is hit by Devin Setoguchi.
11:04 of 2nd period - Shot by Michael Frolik.
11:04 of 2nd period - Shot Blocked by Zbynek Michalek.
11:06 of 2nd period - Shot by Michael Frolik.
11:06 of 2nd period - Stopped by Sebastien Centomo without a rebound.
11:07 of 2nd period - Henrik Zetterberg wins face-off versus Marek Zagrapan in Red Wings zone.
11:08 of 2nd period - Shot by Marian Gaborik.
11:08 of 2nd period - Stopped by Sebastien Centomo without a rebound.
11:09 of 2nd period - Marek Zagrapan wins face-off versus Henrik Zetterberg in Red Wings zone.
11:37 of 2nd period - Marian Gaborik is hit by Michael Vernace and loses puck.
12:18 of 2nd period - Shot by Ales Hemsky.
12:18 of 2nd period - Shot Blocked by Alec Martinez.
12:20 of 2nd period - Shot by Ales Hemsky.
12:20 of 2nd period - Stopped by Martin Jones with a rebound.
12:40 of 2nd period - Maxime Talbot is hit by Michael Frolik and loses puck.
12:46 of 2nd period - Icing by Erik Gudbranson.
12:47 of 2nd period - Brian Boyle wins face-off versus Maxime Talbot in Red Wings zone.
13:18 of 2nd period - Daniel Winnik is hit by David Backes and loses puck.
13:52 of 2nd period - Minor Penalty to Brooks Orpik for Hooking.
13:53 of 2nd period - Maxime Talbot wins face-off versus Henrik Zetterberg in Red Wings zone.
14:02 of 2nd period - Shot by Seth Jones.
14:02 of 2nd period - Shot Hit the Post.
14:04 of 2nd period - Shot by Rob Scuderi.
14:04 of 2nd period - Deflect By Marian Gaborik.
14:04 of 2nd period - Shot Blocked by Zbynek Michalek.
14:06 of 2nd period - Shot by Marian Gaborik.
14:06 of 2nd period - Shot Hit the Post.
14:08 of 2nd period - Shot by Henrik Zetterberg.
14:08 of 2nd period - Stopped by Sebastien Centomo without a rebound.
14:09 of 2nd period - Henrik Zetterberg wins face-off versus Maxime Talbot in Red Wings zone.
14:21 of 2nd period - Icing by Marian Gaborik.
14:22 of 2nd period - Maxime Talbot wins face-off versus Henrik Zetterberg in Sharks zone.
14:42 of 2nd period - Shot by James Neal.
14:42 of 2nd period - Stopped by Sebastien Centomo without a rebound.
14:43 of 2nd period - Ryan Garbutt wins face-off versus Brian Boyle in Red Wings zone.
15:15 of 2nd period - Shot by Daniel Winnik.
15:15 of 2nd period - Stopped by Sebastien Centomo without a rebound.
15:16 of 2nd period - Ryan Garbutt wins face-off versus Henrik Zetterberg in Red Wings zone.
16:26 of 2nd period - Icing by Colton Parayko.
16:27 of 2nd period - Nathan MacKinnon wins face-off versus Kris Versteeg in Sharks zone.
16:27 of 2nd period - Jakob Silfverberg is hit by Matt Moulson.
16:55 of 2nd period - Kris Versteeg is hit by Nathan MacKinnon and loses puck.
17:20 of 2nd period - Shot by Nick Leddy.
17:20 of 2nd period - Deflect By Colin Greening.
17:20 of 2nd period - Shot Misses the Net.
17:24 of 2nd period - Shot by Cody Hodgson.
17:24 of 2nd period - Goal by Cody Hodgson - Sharks : 0 - Red Wings : 1.
17:25 of 2nd period - Maxime Talbot wins face-off versus Henrik Zetterberg in neutral zone.
17:33 of 2nd period - Minor Penalty to Maxime Talbot for Holding.
17:34 of 2nd period - David Backes wins face-off versus James Neal in Red Wings zone.
17:59 of 2nd period - Shot by Seth Jones.
17:59 of 2nd period - Stopped by Sebastien Centomo without a rebound.
18:00 of 2nd period - David Backes wins face-off versus Brian Boyle in Red Wings zone.
18:13 of 2nd period - Shot by Andrew Ladd.
18:13 of 2nd period - Shot Misses the Net.
18:29 of 2nd period - Shot by Andrew Ladd.
18:29 of 2nd period - Shot Misses the Net.
19:37 of 2nd period - Double Minor Penalty to Jakob Silfverberg for Slashing.
19:38 of 2nd period - Marian Gaborik wins face-off versus Marek Zagrapan in Sharks zone.
Goals for this period are 0 for Sharks vs 1 for Red Wings.
Shots for this period are 8 for Sharks vs 9 for Red Wings.

3rd period


0:01 of 3rd period - Marek Zagrapan wins face-off versus Marian Gaborik in neutral zone.
0:04 of 3rd period - Minor Penalty to Marek Zagrapan for Hooking.
0:05 of 3rd period - David Backes wins face-off versus Marian Gaborik in Red Wings zone.
1:06 of 3rd period - Shot by Cody Hodgson.
1:06 of 3rd period - Stopped by Martin Jones without a rebound.
1:07 of 3rd period - Marian Gaborik wins face-off versus Cody Hodgson in Sharks zone.
2:02 of 3rd period - Icing by Nick Leddy.
2:03 of 3rd period - Justin Abdelkader wins face-off versus James Neal in Red Wings zone.
2:29 of 3rd period - Kris Versteeg is hit by Seth Jones and loses puck.
2:32 of 3rd period - Shot by Brooks Orpik.
2:32 of 3rd period - Shot Misses the Net.
2:34 of 3rd period - Shot by David Backes.
2:34 of 3rd period - Shot Misses the Net.
2:36 of 3rd period - Shot by David Backes.
2:36 of 3rd period - Shot Misses the Net.
2:38 of 3rd period - Shot by Brooks Orpik.
2:38 of 3rd period - Shot Blocked by Seth Jones.
2:40 of 3rd period - Shot by Matt Moulson.
2:40 of 3rd period - Stopped by Martin Jones with a rebound.
2:42 of 3rd period - Shot by Brooks Orpik.
2:42 of 3rd period - Stopped by Martin Jones without a rebound.
2:43 of 3rd period - Marian Gaborik wins face-off versus Marek Zagrapan in Sharks zone.
4:05 of 3rd period - Shot by Cody Hodgson.
4:05 of 3rd period - Stopped by Martin Jones without a rebound.
4:06 of 3rd period - Nathan MacKinnon wins face-off versus Maxime Talbot in Sharks zone.
4:17 of 3rd period - Nick Leddy is hit by Jakob Silfverberg and loses puck.
4:26 of 3rd period - Shot by Nathan MacKinnon.
4:26 of 3rd period - Deflect By Jakob Silfverberg.
4:26 of 3rd period - Shot Misses the Net.
4:28 of 3rd period - Shot by Michael Frolik.
4:28 of 3rd period - Stopped by Sebastien Centomo with a rebound.
4:30 of 3rd period - Shot by Michael Frolik.
4:30 of 3rd period - Stopped by Sebastien Centomo with a rebound.
4:32 of 3rd period - Shot by Nathan MacKinnon.
4:32 of 3rd period - Stopped by Sebastien Centomo without a rebound.
4:33 of 3rd period - Marek Zagrapan wins face-off versus Henrik Zetterberg in Red Wings zone.
4:33 of 3rd period - Marek Zagrapan is hit by James Neal.
5:04 of 3rd period - Icing by Zbynek Michalek.
5:05 of 3rd period - Brian Boyle wins face-off versus Marek Zagrapan in Red Wings zone.
5:14 of 3rd period - Shot by Brian Boyle.
5:14 of 3rd period - Deflect By Daniel Winnik.
5:14 of 3rd period - Shot Misses the Net.
5:16 of 3rd period - Shot by Brian Boyle.
5:16 of 3rd period - Goal by Brian Boyle - Sharks : 1 - Red Wings : 1.
5:17 of 3rd period - Cody Hodgson wins face-off versus Michael Frolik in neutral zone.
5:20 of 3rd period - Shot by David Backes.
5:20 of 3rd period - Shot Misses the Net.
5:28 of 3rd period - Shot by Jakob Silfverberg.
5:28 of 3rd period - Stopped by Sebastien Centomo without a rebound.
5:29 of 3rd period - Henrik Zetterberg wins face-off versus Maxime Talbot in Red Wings zone.
6:24 of 3rd period - Shot by David Backes.
6:24 of 3rd period - Shot Misses the Net.
6:53 of 3rd period - Shot by Justin Abdelkader.
6:53 of 3rd period - Shot Misses the Net.
6:55 of 3rd period - Shot by Dalton Prout.
6:55 of 3rd period - Shot Blocked by Alec Martinez.
6:57 of 3rd period - Shot by Dalton Prout.
6:57 of 3rd period - Shot Misses the Net.
6:59 of 3rd period - Shot by Dalton Prout.
6:59 of 3rd period - Stopped by Martin Jones with a rebound.
7:09 of 3rd period - Shot by Marek Zagrapan.
7:09 of 3rd period - Stopped by Martin Jones with a rebound.
7:34 of 3rd period - Icing by Zbynek Michalek.
7:35 of 3rd period - Marek Zagrapan wins face-off versus Brian Boyle in Red Wings zone.
7:44 of 3rd period - Shot by Marek Zagrapan.
7:44 of 3rd period - Stopped by Martin Jones without a rebound.
7:45 of 3rd period - Nathan MacKinnon wins face-off versus Maxime Talbot in Sharks zone.
8:00 of 3rd period - Shot by Michael Frolik.
8:00 of 3rd period - Shot Blocked by Maxime Talbot.
8:02 of 3rd period - Shot by Rob Scuderi.
8:02 of 3rd period - Shot Misses the Net.
8:08 of 3rd period - Shot by Michael Frolik.
8:08 of 3rd period - Stopped by Sebastien Centomo without a rebound.
8:09 of 3rd period - Cody Hodgson wins face-off versus Brian Boyle in Red Wings zone.
8:14 of 3rd period - Andrew Ladd is hit by Justin Abdelkader.
8:36 of 3rd period - Shot by Justin Abdelkader.
8:36 of 3rd period - Shot Blocked by Colton Parayko.
8:38 of 3rd period - Shot by Zbynek Michalek.
8:38 of 3rd period - Stopped by Martin Jones without a rebound.
8:39 of 3rd period - Nathan MacKinnon wins face-off versus Marek Zagrapan in Sharks zone.
9:06 of 3rd period - Shot by Marek Zagrapan.
9:06 of 3rd period - Deflect By Kris Versteeg.
9:06 of 3rd period - Stopped by Martin Jones without a rebound.
9:07 of 3rd period - Cody Hodgson wins face-off versus Andrew Ladd in Sharks zone.
9:40 of 3rd period - Shot by David Backes.
9:40 of 3rd period - Stopped by Martin Jones without a rebound.
9:41 of 3rd period - Nathan MacKinnon wins face-off versus Marek Zagrapan in Sharks zone.
9:41 of 3rd period - Michael Frolik is hit by Matt Moulson and loses puck.
9:50 of 3rd period - Shot by Seth Jones.
9:50 of 3rd period - Shot Misses the Net.
10:20 of 3rd period - Minor Penalty to Marek Zagrapan for Holding.
10:21 of 3rd period - Henrik Zetterberg wins face-off versus Maxime Talbot in Red Wings zone.
10:33 of 3rd period - Icing by Nikita Nikitin.
10:34 of 3rd period - Maxime Talbot wins face-off versus Henrik Zetterberg in Sharks zone.
10:56 of 3rd period - Shot by James Neal.
10:56 of 3rd period - Shot Blocked by Matt Moulson.
10:58 of 3rd period - Shot by Alec Martinez.
10:58 of 3rd period - Shot Blocked by Nick Leddy.
11:00 of 3rd period - Shot by James Neal.
11:00 of 3rd period - Stopped by Sebastien Centomo with a rebound.
11:02 of 3rd period - Shot by Henrik Zetterberg.
11:02 of 3rd period - Stopped by Sebastien Centomo with a rebound.
11:04 of 3rd period - Shot by Alec Martinez.
11:04 of 3rd period - Stopped by Sebastien Centomo without a rebound.
11:05 of 3rd period - Maxime Talbot wins face-off versus Brian Boyle in Red Wings zone.
12:08 of 3rd period - Shot by Henrik Zetterberg.
12:08 of 3rd period - Deflect By Marian Gaborik.
12:08 of 3rd period - Shot Misses the Net.
12:10 of 3rd period - Shot by Marian Gaborik.
12:10 of 3rd period - Shot Misses the Net.
12:12 of 3rd period - Shot by Marian Gaborik.
12:12 of 3rd period - Stopped by Sebastien Centomo without a rebound.
12:13 of 3rd period - Maxime Talbot wins face-off versus James Neal in Red Wings zone.
12:32 of 3rd period - Shot by Michael Frolik.
12:32 of 3rd period - Deflect By Nathan MacKinnon.
12:32 of 3rd period - Shot Misses the Net.
12:44 of 3rd period - Shot by Michael Frolik.
12:44 of 3rd period - Shot Blocked by Zbynek Michalek.
13:00 of 3rd period - Shot by Jakob Silfverberg.
13:00 of 3rd period - Stopped by Sebastien Centomo without a rebound.
13:01 of 3rd period - Maxime Talbot wins face-off versus James Neal in Red Wings zone.
13:05 of 3rd period - Brendan Gallagher is hit by James Neal and loses puck.
13:24 of 3rd period - Shot by Brendan Gallagher.
13:24 of 3rd period - Stopped by Martin Jones without a rebound.
13:25 of 3rd period - Marek Zagrapan wins face-off versus Brian Boyle in Sharks zone.
13:59 of 3rd period - Shot by Andrew Ladd.
13:59 of 3rd period - Shot Misses the Net.
14:07 of 3rd period - Shot by Daniel Winnik.
14:07 of 3rd period - Shot Misses the Net.
14:09 of 3rd period - Shot by Andrew Ladd.
14:09 of 3rd period - Stopped by Sebastien Centomo without a rebound.
14:10 of 3rd period - Henrik Zetterberg wins face-off versus Cody Hodgson in Red Wings zone.
14:33 of 3rd period - Shot by Cody Hodgson.
14:33 of 3rd period - Shot Misses the Net.
15:08 of 3rd period - Shot by Jean-Gabriel Pageau.
15:08 of 3rd period - Stopped by Sebastien Centomo without a rebound.
15:09 of 3rd period - Brian Boyle wins face-off versus Maxime Talbot in Red Wings zone.
15:20 of 3rd period - Daniel Winnik is hit by Maxime Talbot and loses puck.
15:31 of 3rd period - Shot by Brian Boyle.
15:31 of 3rd period - Stopped by Sebastien Centomo with a rebound.
15:43 of 3rd period - Shot by Andrew Ladd.
15:43 of 3rd period - Stopped by Sebastien Centomo without a rebound.
15:44 of 3rd period - Nathan MacKinnon wins face-off versus Marek Zagrapan in Red Wings zone.
15:48 of 3rd period - Icing by Kris Versteeg.
15:49 of 3rd period - Henrik Zetterberg wins face-off versus Marek Zagrapan in Red Wings zone.
15:50 of 3rd period - Shot by Marian Gaborik.
15:50 of 3rd period - Stopped by Sebastien Centomo without a rebound.
15:51 of 3rd period - Henrik Zetterberg wins face-off versus Matt Moulson in Red Wings zone.
16:23 of 3rd period - Brooks Orpik is hit by James Neal and loses puck.
16:45 of 3rd period - Off-side.
16:46 of 3rd period - Cody Hodgson wins face-off versus Andrew Ladd in neutral zone.
16:57 of 3rd period - Shot by Brian Boyle.
16:57 of 3rd period - Deflect By Andrew Ladd.
16:57 of 3rd period - Stopped by Sebastien Centomo without a rebound.
16:58 of 3rd period - Nathan MacKinnon wins face-off versus Maxime Talbot in Red Wings zone.
17:10 of 3rd period - Icing by Colton Parayko.
17:11 of 3rd period - Cody Hodgson wins face-off versus Nathan MacKinnon in Sharks zone.
18:13 of 3rd period - Shot by Marian Gaborik.
18:13 of 3rd period - Shot Blocked by Michael Vernace.
18:33 of 3rd period - Shot by Michael Vernace.
18:33 of 3rd period - Shot Hit the Post.
19:46 of 3rd period - Shot by Cal Clutterbuck.
19:46 of 3rd period - Stopped by Sebastien Centomo without a rebound.
19:47 of 3rd period - Cody Hodgson wins face-off versus Nathan MacKinnon in Red Wings zone.
19:58 of 3rd period - Shot by David Backes.
19:58 of 3rd period - Shot Misses the Net.
Goals for this period are 1 for Sharks vs 0 for Red Wings.
Shots for this period are 18 for Sharks vs 11 for Red Wings.

Overtime #1


0:01 of 1st overtime period - Marek Zagrapan wins face-off versus Henrik Zetterberg in neutral zone.
0:06 of 1st overtime period - Shot by Brendan Gallagher.
0:06 of 1st overtime period - Shot Misses the Net.
0:08 of 1st overtime period - Shot by Brendan Gallagher.
0:08 of 1st overtime period - Goal by Brendan Gallagher - Sharks : 1 - Red Wings : 2.
Goals for this period are 0 for Sharks vs 1 for Red Wings.
Shots for this period are 0 for Sharks vs 1 for Red Wings.